 Dungeon Crawl Stone Soup version 0.22.1-2-g9c5b331 (webtiles) character file.

918 Haldmier the Chiller (level 8, -4/57 HPs)
             Began as a Merfolk Ice Elementalist on Jan 1, 2019.
             Killed from afar by an orc wizard (10 damage)
             ... with a puff of frost
             ... on level 5 of the Dungeon.
             The game lasted 00:24:59 (5668 turns).

Haldmier the Chiller (Merfolk Ice Elementalist)     Turns: 5668, Time: 00:25:00

Health: -4/57      AC:  9    Str:  8    XL:     8   Next: 9%
Magic:  12/12      EV: 14    Int: 17    God:
Gold:   255        SH:  0    Dex: 14    Spells: 3/13 levels left

rFire    . . .     SeeInvis .   x - +1 trident
rCold    . . .     Gourm    .   (no shield)
rNeg     . . .     Faith    .   g - +0 leather armour
rPois    +         Spirit   .   (no helmet)
rElec    .         Reflect  .   e - +2 cloak
rCorr    .         Harm     .   k - +2 pair of gloves
MR       +....                  (no boots)
Stlth    ++........             B - amulet of magic regeneration
HPRegen  0.19/turn              n - ring of protection from magic
MPRegen  0.38/turn              p - ring of poison resistance

@: no status effects
A: change form in water, swift swim, stealthy swim
a: no special abilities


You were on level 5 of the Dungeon.
You were hungry.

You visited 1 branch of the dungeon, and saw 5 of its levels.

You collected 255 gold pieces.

Inventory:

Hand Weapons
 w - a +0 hunting sling
 x - a +1 trident (weapon)
 y - a +0 blowgun
 D - the +9 hand axe of Ragnarok {flame, *Slow rElec rC+++ Str-2}
   (You found it on level 5 of the Dungeon)

   It has been specially enchanted to burn those struck by it, causing extra
   injury to most foes and up to half again as much damage against particularly
   susceptible opponents.
   Big, fiery blades are also staple armaments of hydra-hunters.
   It affects your strength (-2).
   It renders you almost immune to cold.
   It insulates you from electricity.
   It may slow you when you take damage.
Missiles
 m - 118 stones
 q - 3 tomahawks of dispersal
 u - 6 javelins (quivered)
 A - 16 poisoned needles
Armour
 e - a +2 cloak (worn)
 g - a +0 leather armour (worn)
 k - a +2 pair of gloves (worn)
 s - a +1 ring mail of cold resistance
Jewellery
 n - a ring of protection from magic (left hand)
 p - a ring of poison resistance (right hand)
 z - an uncursed ring of protection from magic
 B - an amulet of magic regeneration (around neck)
Wands
 a - a wand of enslavement (13)
Scrolls
 d - a scroll of noise {unknown}
 h - a scroll of enchant weapon
 i - 3 scrolls of blinking
 j - a scroll of identify
 l - 4 scrolls of remove curse
 r - a scroll of fog
 v - a scroll of teleportation
Potions
 b - 3 potions of might
 f - 3 potions of brilliance
 o - a potion of curing
 t - a potion of lignification {unknown}
 C - 2 potions of invisibility {unknown}
Comestibles
 c - 7 rations


   Skills:
 + Level 2.9 Fighting
 * Level 4.7 Polearms
 + Level 4.7 Dodging
 - Level 3.0 Stealth
 + Level 3.2 Spellcasting
 + Level 2.3 Conjurations
 + Level 2.6 Charms
 + Level 1.3 Summonings
 * Level 5.8 Ice Magic


You had 3 spell levels left.
You knew the following spells:

 Your Spells              Type           Power        Failure   Level  Hunger
a - Freeze                Ice            ###.         2%          1    None
b - Throw Frost           Conj/Ice       ###...       7%          2    ##.....
c - Ozocubu's Armour      Chrm/Ice       ###.....     13%         3    ###....
d - Summon Ice Beast      Ice/Summ       ###.....     50%         4    ####...

Your spell library contained the following spells:

 Spells                   Type           Power        Failure   Level  Hunger
 Throw Icicle             Conj/Ice       ###.....     43%         4    ####...


Dungeon Overview and Level Annotations

Branches:
Dungeon (5/15)
 Temple: D:4-7

Altars:
Uskayaw
Yredelemnul

Annotations:
D:2 Sigmund
D:5 Prince Ribbit


Message History

You hear some strange, mumbled words.
A magic dart appears from out of thin air!
The magic dart hits you! Something hits you but does no damage.
You see here a mace.
Things that are here:
a club; a ring mail Something hits you.
You hear some strange, mumbled words.
A puff of frost appears from out of thin air!
The puff of frost hits you!
* * * LOW HITPOINT WARNING * * *
You hear some strange, mumbled words.
A puff of flame appears from out of thin air!
The puff of flame hits you!
* * * LOW HITPOINT WARNING * * *
You hear some strange, mumbled words.
A puff of frost appears from out of thin air!
The puff of frost hits you!
You die...

#...#.# ###)#.# #+
#)#.# #.#
#.#####.#.#
.#####.###.......).#
........#######o###
#.#....# #.#
#......#######.#
#.#....).....@.#
#......#########
####.### #.# #.# #.#
#.# #.# #.#


You could see an orc priest.

Vanquished Creatures
  2 ogres
  2 centaurs (D:5)
  A scorpion (D:5)
  2 howler monkeys
  2 orc priests
  2 centaur skeletons (D:4)
  Ijyb (D:5)
  2 worker ants
  4 orc wizards
  5 adders
  2 oozes
  A worm (D:3)
  A dart slug (D:1)
  6 leopard geckos
  16 orcs
  A ball python (D:3)
  5 giant cockroaches
  7 goblins
  11 hobgoblins
  4 jackals (D:1)
  11 kobolds
  3 quokkas (D:2)
  8 bats
  4 frilled lizards
  A leopard gecko skeleton (D:4)
  13 rats
117 creatures vanquished.

Notes
Turn   | Place    | Note
-------+----------+-------------------------------------------
     0 | D:1      | Haldmier the Merfolk Ice Elementalist began the quest for
                  | the Orb.
     0 | D:1      | Reached XP level 1. HP: 13/13 MP: 3/3
   246 | D:1      | Reached XP level 2. HP: 18/20 MP: 1/5
   311 | D:1      | Learned a level 2 spell: Throw Frost
   713 | D:1      | Reached XP level 3. HP: 25/25 MP: 3/6
   781 | D:1      | Reached skill level 1 in Conjurations
  1191 | D:2      | Reached skill level 4 in Ice Magic
  1234 | D:2      | Learned a level 3 spell: Ozocubu's Armour
  1245 | D:2      | Reached skill level 1 in Fighting
  1401 | D:2      | Reached XP level 4. HP: 27/32 MP: 1/7
  1660 | D:2      | Found a basalt altar of Yredelemnul.
  1787 | D:2      | Noticed Sigmund
  2103 | D:2      | Found a hide-covered altar of Uskayaw.
  2106 | D:2      | Found a basalt altar of Yredelemnul.
  2563 | D:3      | Reached XP level 5. HP: 35/37 MP: 4/8
  2633 | D:3      | Reached skill level 1 in Charms
  3064 | D:3      | Reached skill level 1 in Polearms
  3529 | D:4      | Got a twisted mace
  3536 | D:4      | Identified the +6 mace of Currency {crush, -Tele rPois
                  | Str-5 Dex+10} (You found it on level 4 of the Dungeon)
  3605 | D:4      | Noticed an ogre
  3616 | D:4      | Killed an ogre
  3616 | D:4      | Reached XP level 6. HP: 32/44 MP: 0/9
  4161 | D:4      | Reached skill level 5 in Ice Magic
  4313 | D:4      | Reached XP level 7. HP: 42/50 MP: 7/11
  4319 | D:4      | Learned a level 4 spell: Summon Ice Beast
  4546 | D:5      | Entered Level 5 of the Dungeon
  4683 | D:5      | Noticed Ijyb
  4916 | D:5      | Killed Ijyb
  5165 | D:5      | Reached skill level 1 in Summonings
  5335 | D:5      | Reached XP level 8. HP: 49/57 MP: 5/12
  5548 | D:5      | Got an ichor-stained hand axe
  5563 | D:5      | Identified the +9 hand axe of Ragnarok {flame, *Slow rElec
                  | rC+++ Str-2} (You found it on level 5 of the Dungeon)
  5606 | D:5      | Noticed Prince Ribbit
  5668 | D:5      | Killed from afar by an orc wizard

Skill      XL: |  1  2  3  4  5  6  7 |
---------------+----------------------+-----
Dodging        | 3 4 |  4.7
Conjurations   | 1 2 |  2.3
Ice Magic      | 4 5 |  5.8
Fighting       | 1 2 |  2.9
Stealth        | 3 |  3.0
Charms         | 1 2 |  2.6
Polearms       | 2 3 4 |  4.7
Spellcasting   | 3 |  3.2
Summonings     | 1 |  1.3

Action                   |  1- 3 |  4- 6 |  7- 9 || total
-------------------------+-------+-------+-------++-------
Melee: Trident           |       |    63 |    32 ||    95
Throw: Stone             |     5 |     4 |       ||     9
       Javelin           |       |    13 |     4 ||    17
 Cast: Freeze            |    65 |    77 |    60 ||   202
       Ozocubu's Armour  |       |     1 |     1 ||     2
  Use: Scroll            |       |    12 |     3 ||    15
       Potion            |       |       |     1 ||     1
 Stab: Sleeping          |       |     4 |       ||     4
       Distracted        |       |     1 |       ||     1
  Eat: Chunk             |     2 |     9 |     2 ||    13
       Ration            |       |     1 |       ||     1
Armor: Robe              |     4 |     9 |       ||    13
       Leather armour    |       |     9 |    21 ||    30
Dodge: Dodged            |    33 |    79 |    48 ||   160
